 Dungeon Crawl Stone Soup version 0.22.1-2-g9c5b331383 (webtiles) character file.

56 Ihlosi the Chiller (level 4, 0/25 HPs)
             Began as a Kobold Ice Elementalist on Jan 5, 2019.
             Succumbed to an adder's poison
             ... on level 2 of the Dungeon.
             The game lasted 00:03:28 (1394 turns).

Ihlosi the Chiller (Kobold Ice Elementalist)        Turns: 1394, Time: 00:03:28

Health: 0/25       AC:  3    Str:  5    XL:     4   Next: 17%
Magic:  5/8        EV: 15    Int: 15    God:
Gold:   59         SH:  0    Dex: 15    Spells: 7/8 levels left

rFire    . . .     SeeInvis .   (weapon restricted)
rCold    . . .     Gourm    .   (shield restricted)
rNeg     . . .     Faith    .   a - +0 robe
rPois    .         Spirit   .   (no helmet)
rElec    .         Reflect  .   (no cloak)
rCorr    .         Harm     .   b - +0 pair of gloves
MR       .....                  (no boots)
Stlth    ++........             (no amulet)
HPRegen  0.08/turn              (no ring)
MPRegen  0.11/turn              (no ring)

@: lethally poisoned (0 -> -9), very slightly contaminated, invisible
A: small, hooves 1, carnivore, dopey 1, screaming 1, sturdy frame 1
a: no special abilities


You were on level 2 of the Dungeon.
You were completely stuffed.

You visited 1 branch of the dungeon, and saw 2 of its levels.

You collected 59 gold pieces.

Inventory:

Armour
 a - a +0 robe (worn)
 b - a +0 pair of gloves (worn)
Scrolls
 e - a scroll of random uselessness {unknown}
 h - a scroll of enchant weapon {unknown}
Comestibles
 c - 2 rations
 g - 2 chunks of flesh


   Skills:
 * Level 1.1 Fighting
 * Level 0.6 Armour
 * Level 2.8 Dodging
 * Level 3.1 Stealth
 * Level 2.7 Spellcasting
   Level 1.0 Conjurations
 * Level 3.6 Ice Magic


You had 7 spell levels left.
You knew the following spells:

 Your Spells              Type           Power        Failure   Level  Hunger
a - Freeze                Ice            ##..         4%          1    #......

Your spell library contained the following spells:

 Spells                   Type           Power        Failure   Level  Hunger
 Throw Frost              Conj/Ice       #.....       12%         2    ##.....
 Ozocubu's Armour         Chrm/Ice       #.......     28%         3    ###....
 Throw Icicle             Conj/Ice       #.......     61%         4    #####..
 Summon Ice Beast         Ice/Summ       #.......     67%         4    #####..


Dungeon Overview and Level Annotations

Branches:
Dungeon (2/15)

Altars:


Innate Abilities, Weirdness & Mutations

You are small and have problems with some larger weapons.
You are carnivorous and can eat meat at any time.
You have large cloven feet.
You are dopey. (Int -2)
You occasionally shout uncontrollably at your foes.
Your movements are slightly less encumbered by armour. (ER -2)


Message History

Aim: an adder (severely wounded)
You miscast Freeze.
Frost spreads across the the floor.
* * * LOW HITPOINT WARNING * * *
You feel sick. The adder closely misses you.
Casting: Freeze (safe; 4% risk of failure)
Confirm with . or Enter, or press ? or * to list all spells.
Aiming: Freeze (safe; 4% risk of failure)
Press: ? - help, Shift-Dir - straight line, f/p - adder
Aim: an adder (severely wounded)
You freeze the adder.
You kill the adder!
You have reached level 4!
* * * LOW HITPOINT WARNING * * *
You feel sick.
It was a potion of mutation.
You feel extremely strange.
You feel stupid.
You feel the urge to shout.
Your feet thicken and deform.
You feel less encumbered by your armour.
There is a lethal amount of poison in your body!
There is a lethal amount of poison in your body!
You die...

..?.. #.#
.....###+####
#.#
............
#.#
#.......>.
#.# ........
#.# ..... #.#
#..#+# #.#
#..#.# #.#
#..#.#####@#
#..........#
#.##.#######
#....# ######


There were no monsters in sight!

Vanquished Creatures
  2 adders (D:2)
  2 dart slugs (D:1)
  A leopard gecko (D:1)
  6 bats (D:1)
  A giant cockroach (D:1)
  4 goblins (D:1)
  3 hobgoblins (D:1)
  4 jackals (D:2)
  2 kobolds (D:1)
  A ball python (D:1)
  A frilled lizard (D:1)
  3 rats (D:1)
30 creatures vanquished.

Notes
Turn   | Place    | Note
-------+----------+-------------------------------------------
     0 | D:1      | Ihlosi the Kobold Ice Elementalist began the quest for the
                  | Orb.
     0 | D:1      | Reached XP level 1. HP: 10/10 MP: 3/3
   155 | D:1      | Reached XP level 2. HP: 12/15 MP: 0/5
   791 | D:1      | Reached XP level 3. HP: 20/20 MP: 2/6
  1202 | D:2      | Reached skill level 1 in Fighting
  1392 | D:2      | Reached XP level 4. HP: 2/25 MP: 5/8
  1392 | D:2      | HP: 1/25 [poisoned by an adder]
  1393 | D:2      | Gained mutation: You are dopey. (Int -2) [potion of
                  | mutation]
  1393 | D:2      | Gained mutation: You occasionally shout uncontrollably at
                  | your foes. [potion of mutation]
  1393 | D:2      | Gained mutation: You have large cloven feet. [potion of
                  | mutation]
  1393 | D:2      | Gained mutation: Your movements are slightly less
                  | encumbered by armour. (ER -2) [potion of mutation]
  1394 | D:2      | Succumbed to an adder's poison

Skill      XL: |  1  2  3 |
---------------+----------+-----
Stealth        | 3 |  3.1
Fighting       | 1 |  1.1
Armour         | |  0.6
Dodging        | |  2.8
Spellcasting   | |  2.7
Conjurations   | |  1.0
Ice Magic      | |  3.6

Action                   |  1- 3 |  4- 6 || total
-------------------------+-------+-------++-------
Melee: Unarmed           |    18 |       ||    18
 Cast: Freeze            |    53 |     1 ||    54
  Use: Potion            |     2 |     1 ||     3
 Stab: Sleeping          |     4 |       ||     4
  Eat: Chunk             |    10 |       ||    10
Armor: Robe              |     9 |       ||     9
Dodge: Dodged            |    49 |       ||    49
